| TOP OF THE 1ST |
|
Caldwell Claws batting - Pitching for Medicine Hat Blue Jays : LHP Chris Green
|
|
Pitching: LHP Chris Green
|
|
|
Batting: RHB Kim Christensen
|
0-0: Ball 1-0: Ball 2-0: Called Strike 2-1: Swinging Strike 2-2: Fly out, F9 (Flyball, 9S, EV 86.9 MPH)
|
|
Batting: LHB Willie Vigil
|
0-0: Ball 1-0: Fly out, F9 (Flyball, 9, EV 96.3 MPH)
|
|
Batting: LHB Miguel Negron
|
0-0: Called Strike 0-1: Ball 1-1: Ball 2-1: Foul Ball, location: 2F 2-2: Ball 3-2: Fly out, F9 (Flyball, 9, EV 84.4 MPH)
|
| Top of the 1st over - 0 runs, 0 hits, 0 errors, 0 left on base; Caldwell 0 - Medicine Hat 0 |
| BOTTOM OF THE 1ST |
|
Medicine Hat Blue Jays batting - Pitching for Caldwell Claws : RHP Marty Ayala
|
|
Pitching: RHP Marty Ayala
|
|
|
Batting: LHB Kevin Bates
|
0-0: Foul Ball, location: 2F 0-1: Ball 1-1: Ground out 4-3 (Groundball, 4, EV 78.1 MPH)
|
|
Batting: RHB Burt Milley
|
0-0: Ball 1-0: Swinging Strike 1-1: Ball 2-1: Ground out 6-3 (Groundball, 6, EV 86.3 MPH)
|
|
Batting: LHB Jeffrey Wilson
|
0-0: Called Strike 0-1: Fly out, F7 (Flyball, 7D, EV 93.8 MPH)
|
| Bottom of the 1st over - 0 runs, 0 hits, 0 errors, 0 left on base; Caldwell 0 - Medicine Hat 0 |
| TOP OF THE 2ND |
|
Caldwell Claws batting - Pitching for Medicine Hat Blue Jays : LHP Chris Green
|
|
Batting: LHB Gregory Robles
|
0-0: SINGLE (Groundball, 56S, EV 65.6 MPH) (infield hit)
|
|
Batting: LHB Roberto Guillen
|
0-0: Ball 1-0: SINGLE (Groundball, 5S, EV 66.9 MPH) (infield hit) Gregory Robles to second
|
|
Batting: RHB David Morales
|
0-0: Fly out, F9 (Flyball, 9LM, EV 82.5 MPH)
|
|
Batting: LHB Joseph Wesley
|
0-0: Swinging Strike 0-1: Called Strike 0-2: Ball 1-2: Ball 2-2: Ball 3-2: Strikes out swinging
|
|
Batting: LHB Dave Smith
|
0-0: Called Strike 0-1: Ball 1-1: Ground out 4-3 (Groundball, 4, EV 79.4 MPH)
|
| Top of the 2nd over - 0 runs, 2 hits, 0 errors, 2 left on base; Caldwell 0 - Medicine Hat 0 |
| BOTTOM OF THE 2ND |
|
Medicine Hat Blue Jays batting - Pitching for Caldwell Claws : RHP Marty Ayala
|
|
Batting: LHB Tom Reynolds
|
0-0: Foul Ball, location: 2F 0-1: Ball 1-1: Ball 2-1: Fly out, F8 (Flyball, 89D, EV 103.1 MPH)
|
|
Batting: RHB Greg Legg
|
0-0: Called Strike 0-1: SINGLE (Line Drive, 89S, EV 110.6 MPH)
|
|
Batting: LHB Alberto Chino
|
0-0: Ball 1-0: Fly out, F8 (Flyball, 8RM, EV 88.1 MPH)
|
|
Batting: RHB Terence Shoebridge
|
0-0: Foul Ball, location: 2F 0-1: Ball 1-1: Ball 2-1: Called Strike 2-2: Ball 3-2: Base on Balls Greg Legg to second
|
|
Batting: SHB Cordie Dillard
|
0-0: Called Strike 0-1: Ball 1-1: Ball 2-1: DOUBLE (Flyball, 8LXD, EV 88.8 MPH) Greg Legg scores Terence Shoebridge to third Runner from 3rd tries for Home, SAFE, throw by CF to home
|
|
Batting: SHB Manuel DelRosario
|
0-0: Swinging Strike 0-1: Called Strike 0-2: Strikes out looking
|
| Bottom of the 2nd over - 2 runs, 2 hits, 0 errors, 1 left on base; Caldwell 0 - Medicine Hat 2 |
| TOP OF THE 3RD |
|
Caldwell Claws batting - Pitching for Medicine Hat Blue Jays : LHP Chris Green
|
|
Batting: RHB Henry Bender
|
0-0: Foul Ball, location: 2F 0-1: Ball 1-1: Ball 2-1: Ground out U3 (Groundball, 3L, EV 103.1 MPH)
|
|
Batting: RHB Kim Christensen
|
0-0: Foul Ball, location: 2F 0-1: Ball 1-1: Ball 2-1: Foul Ball, location: 2F 2-2: Foul Ball, location: 2F 2-2: Ball 3-2: DOUBLE (Groundball, 5L, EV 102.5 MPH)
|
|
Batting: LHB Willie Vigil
|
0-0: Ball 1-0: Reached on error, E6 (Groundball, 6, EV 102.5 MPH) Kim Christensen to third
|
|
Batting: LHB Miguel Negron
|
0-0: Swinging Strike 0-1: Swinging Strike 0-2: Ball 1-2: Fielders Choice at 2nd, 5-4 (Groundball, 56, EV 105.0 MPH) Kim Christensen scores
|
|
Batting: LHB Gregory Robles
|
0-0: Ball 1-0: Ball 2-0: Ball 3-0: Called Strike 3-1: Swinging Strike 3-2: Ground out 4-3 (Groundball, 4, EV 110.0 MPH)
|
| Top of the 3rd over - 1 run, 1 hit, 1 error, 1 left on base; Caldwell 1 - Medicine Hat 2 |
| BOTTOM OF THE 3RD |
|
Medicine Hat Blue Jays batting - Pitching for Caldwell Claws : RHP Marty Ayala
|
|
Batting: LHB Kevin Bates
|
0-0: Called Strike 0-1: Ground out U3 (Groundball, 3L, EV 85.0 MPH)
|
|
Batting: RHB Burt Milley
|
0-0: Called Strike 0-1: Swinging Strike 0-2: Ball 1-2: Foul Ball, location: 2F 1-2: DOUBLE (Line Drive, 89D, EV 106.9 MPH)
|
|
Batting: LHB Jeffrey Wilson
|
0-0: Ball 1-0: Called Strike 1-1: Ball 2-1: Foul Ball, location: 2F 2-2: Fly out, F7 (Flyball, 7LM, EV 103.1 MPH)
|
|
Batting: LHB Tom Reynolds
|
0-0: Called Strike 0-1: Ball 1-1: Ball 2-1: Foul Ball, location: 2F 2-2: Reached on error, E6 (Groundball, 6M, EV 104.4 MPH) Burt Milley scores
|
|
Batting: RHB Greg Legg
|
0-0: Ball 1-0: Called Strike 1-1: Ball 2-1: Called Strike 2-2: Ball 3-2: Foul Ball, location: 2F 3-2: Base on Balls
|
|
Batting: LHB Alberto Chino
|
0-0: Called Strike 0-1: Called Strike 0-2: Ball 1-2: SINGLE (Groundball, 56D, EV 95.0 MPH) Tom Reynolds to third Greg Legg to second Runner from 3rd tries for Home, SAFE, throw by LF to home Greg Legg to third Alberto Chino to second
|
|
Batting: RHB Terence Shoebridge
|
0-0: Called Strike 0-1: Called Strike 0-2: Ball 1-2: Ball 2-2: Ground out 4-3 (Groundball, 4, EV 79.4 MPH)
|
| Bottom of the 3rd over - 2 runs, 2 hits, 1 error, 2 left on base; Caldwell 1 - Medicine Hat 4 |
| TOP OF THE 4TH |
|
Caldwell Claws batting - Pitching for Medicine Hat Blue Jays : LHP Chris Green
|
|
Batting: LHB Roberto Guillen
|
0-0: Swinging Strike 0-1: SINGLE (Groundball, 6MD, EV 106.9 MPH)
|
|
Batting: RHB David Morales
|
0-0: Called Strike 0-1: Ball Roberto Guillen steals 2nd base 1-1: Foul Ball, location: 2F 1-2: Ball 2-2: SINGLE (Groundball, 56D, EV 105.6 MPH) Roberto Guillen to third Runner from 3rd tries for Home, SAFE, throw by LF to home David Morales to second
|
|
Batting: LHB Joseph Wesley
|
0-0: DOUBLE (Line Drive, 78XD, EV 108.8 MPH) David Morales scores
|
|
Batting: LHB Dave Smith
|
0-0: Foul Ball, location: 2F 0-1: Ball 1-1: Foul Ball, location: 2F 1-2: Ground out 1-3 (Groundball, 34S, EV 70.6 MPH) Joseph Wesley to third
|
|
Batting: RHB Henry Bender
|
0-0: Ball 1-0: Ball 2-0: Ball 3-0: Base on Balls
|
|
Batting: RHB Kim Christensen
|
0-0: Called Strike 0-1: Ball 1-1: Fly out, F8 (Flyball, 8RXD, EV 105.6 MPH) Runner from 3rd tags up, SCORES, no throw by CF
|
|
Batting: LHB Willie Vigil
|
0-0: Ball 1-0: Called Strike 1-1: Called Strike 1-2: Ball 2-2: Fly out, F6 (Line Drive, 6, EV 65.6 MPH)
|
| Top of the 4th over - 3 runs, 3 hits, 0 errors, 1 left on base; Caldwell 4 - Medicine Hat 4 |
| BOTTOM OF THE 4TH |
|
Medicine Hat Blue Jays batting - Pitching for Caldwell Claws : RHP Marty Ayala
|
|
Batting: SHB Cordie Dillard
|
0-0: Fly out, F4 (Popup, 4S, EV 74.4 MPH)
|
|
Batting: SHB Manuel DelRosario
|
0-0: Called Strike 0-1: Ball 1-1: DOUBLE (Flyball, 8RD, EV 99.4 MPH)
|
|
Batting: LHB Kevin Bates
|
0-0: Ball 1-0: Ball 2-0: Ground out 6-3 (Groundball, 6, EV 103.8 MPH)
|
|
Batting: RHB Burt Milley
|
0-0: Called Strike 0-1: Foul Ball, location: 2F 0-2: Ball 1-2: Foul Ball, location: 2F 1-2: Ground out U3 (Groundball, 3, EV 99.4 MPH)
|
| Bottom of the 4th over - 0 runs, 1 hit, 0 errors, 1 left on base; Caldwell 4 - Medicine Hat 4 |
| TOP OF THE 5TH |
|
Caldwell Claws batting - Pitching for Medicine Hat Blue Jays : LHP Chris Green
|
|
Batting: LHB Miguel Negron
|
0-0: Foul Ball, location: 2F 0-1: Fly out, F7 (Flyball, 78M, EV 87.5 MPH)
|
|
Batting: LHB Gregory Robles
|
0-0: Ball 1-0: Called Strike 1-1: Ball 2-1: Ball 3-1: Swinging Strike 3-2: Strikes out swinging
|
|
Batting: LHB Roberto Guillen
|
0-0: Fly out, F6 (Flyball, 6D, EV 86.3 MPH)
|
| Top of the 5th over - 0 runs, 0 hits, 0 errors, 0 left on base; Caldwell 4 - Medicine Hat 4 |
| BOTTOM OF THE 5TH |
|
Medicine Hat Blue Jays batting - Pitching for Caldwell Claws : RHP Marty Ayala
|
|
Batting: LHB Jeffrey Wilson
|
0-0: Ball 1-0: Foul Ball, location: 2F 1-1: Ball 2-1: Fly out, F8 (Line Drive, 8RD, EV 91.3 MPH)
|
|
Batting: LHB Tom Reynolds
|
0-0: Called Strike 0-1: SINGLE (Groundball, 25, EV 67.5 MPH) (infield hit)
|
|
Batting: RHB Greg Legg
|
0-0: Called Strike 0-1: Swinging Strike 0-2: Fly out, F9 (Flyball, 89S, EV 83.1 MPH)
|
|
Batting: LHB Alberto Chino
|
0-0: Fly out, F4 (Line Drive, 4, EV 73.1 MPH)
|
| Bottom of the 5th over - 0 runs, 1 hit, 0 errors, 1 left on base; Caldwell 4 - Medicine Hat 4 |
| TOP OF THE 6TH |
|
Caldwell Claws batting - Pitching for Medicine Hat Blue Jays : LHP Chris Green
|
|
Batting: RHB David Morales
|
0-0: Ball 1-0: Ball 2-0: Swinging Strike 2-1: DOUBLE (Flyball, 8RXD, EV 111.3 MPH)
|
|
Batting: LHB Joseph Wesley
|
0-0: Ball 1-0: Called Strike 1-1: Foul Ball, location: 2F 1-2: Foul Ball, location: 2F 1-2: Ground out 1-3 (Groundball, 34S, EV 61.3 MPH) David Morales to third
|
|
Batting: LHB Dave Smith
|
0-0: Ball 1-0: Swinging Strike 1-1: Ball 2-1: Ball 3-1: Called Strike 3-2: Strikes out looking
|
|
Batting: RHB Henry Bender
|
0-0: Foul Ball, location: 2F 0-1: Ball 1-1: Ball 2-1: Ball 3-1: Called Strike 3-2: Strikes out swinging
|
| Top of the 6th over - 0 runs, 1 hit, 0 errors, 1 left on base; Caldwell 4 - Medicine Hat 4 |
| BOTTOM OF THE 6TH |
|
Medicine Hat Blue Jays batting - Pitching for Caldwell Claws : RHP Marty Ayala
|
|
Batting: RHB Terence Shoebridge
|
0-0: Called Strike 0-1: Called Strike 0-2: Ball 1-2: Ball 2-2: Ball 3-2: Foul Ball, location: 2F 3-2: Foul Ball, location: 2F 3-2: Base on Balls
|
|
Batting: SHB Cordie Dillard
|
0-0: Foul Ball, location: 2F 0-1: Ball 1-1: Swinging Strike 1-2: Foul Ball, location: 2F 1-2: Foul Ball, location: 2F 1-2: Grounds into double play, 6-4-3 (Groundball, 6, EV 95.0 MPH)
|
|
Batting: SHB Manuel DelRosario
|
0-0: Ball 1-0: Ground out U3 (Groundball, 34S, EV 91.9 MPH)
|
| Bottom of the 6th over - 0 runs, 0 hits, 0 errors, 0 left on base; Caldwell 4 - Medicine Hat 4 |
| TOP OF THE 7TH |
|
Caldwell Claws batting - Pitching for Medicine Hat Blue Jays : LHP Chris Green
|
|
Batting: RHB Kim Christensen
|
0-0: Swinging Strike 0-1: Ground out 6-3 (Groundball, 6, EV 90.6 MPH)
|
|
Batting: LHB Willie Vigil
|
0-0: Called Strike 0-1: Ball 1-1: Ball 2-1: Ground out 6-3 (Groundball, 6M, EV 110.0 MPH)
|
|
Batting: LHB Miguel Negron
|
0-0: Ground out 6-3 (Groundball, 6S, EV 62.5 MPH)
|
| Top of the 7th over - 0 runs, 0 hits, 0 errors, 0 left on base; Caldwell 4 - Medicine Hat 4 |
| BOTTOM OF THE 7TH |
|
Medicine Hat Blue Jays batting - Pitching for Caldwell Claws : RHP Marty Ayala
|
|
Batting: LHB Kevin Bates
|
0-0: Ball 1-0: Ball 2-0: Ball 3-0: Called Strike 3-1: DOUBLE (Line Drive, 7LS, EV 95.6 MPH)
|
|
Batting: RHB Burt Milley
|
0-0: Ball 1-0: Fly out, F7 (Flyball, 78D, EV 97.5 MPH)
|
|
Batting: LHB Jeffrey Wilson
|
0-0: Ball 1-0: Ball 2-0: Swinging Strike 2-1: Ball 3-1: Foul Ball, location: 2F 3-2: Base on Balls
|
|
Batting: LHB Tom Reynolds
|
0-0: Ball 1-0: Ball Kevin Bates is caught stealing 3rd base 2-5 Jeffrey Wilson to second 2-0: Called Strike 2-1: Foul Ball, location: 2F 2-2: Fly out, F6 (Line Drive, 6, EV 63.1 MPH)
|
| Bottom of the 7th over - 0 runs, 1 hit, 0 errors, 1 left on base; Caldwell 4 - Medicine Hat 4 |
| TOP OF THE 8TH |
|
Caldwell Claws batting - Pitching for Medicine Hat Blue Jays : LHP Chris Green
|
|
Batting: LHB Gregory Robles
|
0-0: Called Strike 0-1: Called Strike 0-2: Ball 1-2: Ball 2-2: Ball 3-2: Foul Ball, location: 2F 3-2: Fly out, F6 (Popup, 6, EV 60.6 MPH)
|
|
Batting: LHB Roberto Guillen
|
0-0: Ball 1-0: Ball 2-0: SINGLE (Flyball, 9LS, EV 97.5 MPH)
|
|
Batting: RHB David Morales
|
0-0: Called Strike 0-1: Ball 1-1: Ball 2-1: Called Strike 2-2: Foul Ball, location: 2F 2-2: Grounds into double play, 4-6-3 (Groundball, 4, EV 86.9 MPH)
|
| Top of the 8th over - 0 runs, 1 hit, 0 errors, 0 left on base; Caldwell 4 - Medicine Hat 4 |
| BOTTOM OF THE 8TH |
|
Medicine Hat Blue Jays batting - Pitching for Caldwell Claws : RHP Marty Ayala
|
|
Batting: RHB Greg Legg
|
0-0: Ball 1-0: Ground out 5-3 (Groundball, 56, EV 99.4 MPH)
|
|
Batting: LHB Alberto Chino
|
0-0: Called Strike 0-1: Ball 1-1: Ball 2-1: Swinging Strike 2-2: Fly out, F7 (Flyball, 7LM, EV 83.1 MPH)
|
|
Batting: RHB Terence Shoebridge
|
0-0: Ball 1-0: Foul Ball, location: 2F 1-1: Ball 2-1: Ground out 6-3 (Groundball, 6, EV 88.1 MPH)
|
| Bottom of the 8th over - 0 runs, 0 hits, 0 errors, 0 left on base; Caldwell 4 - Medicine Hat 4 |
| TOP OF THE 9TH |
|
Caldwell Claws batting - Pitching for Medicine Hat Blue Jays : LHP Chris Green
|
|
Pitching: RHP Omar Bencomo
|
|
|
Batting: LHB Joseph Wesley
|
0-0: Foul Ball, location: 2F 0-1: Ball 1-1: Ball 2-1: Ball 3-1: Ground out 4-3 (Groundball, 4, EV 91.3 MPH)
|
|
Batting: LHB Dave Smith
|
0-0: Called Strike 0-1: Ground out 4-3 (Groundball, 4, EV 100.0 MPH)
|
|
Pinch Hitting: RHB Anthony Masone
|
0-0: Swinging Strike 0-1: Swinging Strike 0-2: Foul Ball, location: 2F 0-2: Ball 1-2: Ball 2-2: Strikes out looking
|
| Top of the 9th over - 0 runs, 0 hits, 0 errors, 0 left on base; Caldwell 4 - Medicine Hat 4 |
| BOTTOM OF THE 9TH |
|
Medicine Hat Blue Jays batting - Pitching for Caldwell Claws : RHP Marty Ayala
|
|
Pitching: RHP Enrique Guerra
|
|
|
Now at C: Anthony Masone
|
|
|
Batting: SHB Cordie Dillard
|
0-0: Ball 1-0: Foul Ball, location: 2F 1-1: Swinging Strike 1-2: DOUBLE (Line Drive, 7D, EV 97.5 MPH)
|
|
Pinch Hitting: SHB Chris Gonzalez
|
0-0: Ground out 1-3 (Groundball, 13, EV 70.0 MPH) Cordie Dillard to third
|
|
Batting: LHB Kevin Bates
|
0-0: Intentional Walk
|
|
Pinch Hitting: LHB Jose Gomez
|
0-0: Ball 1-0: Swinging Strike 1-1: Ball 2-1: Foul Ball, location: 2F 2-2: DOUBLE (Line Drive, 8RD, EV 93.8 MPH) Cordie Dillard scores
|
| Bottom of the 9th over - 1 run, 2 hits, 0 errors, 0 left on base; Caldwell 4 - Medicine Hat 5 |
|